 Dungeon Sprint DCSS version 0.30.0-15-g856e2d3f33 (webtiles) character file.

Game seed: 13819885037600130648

2500000 GloriousHammer the Intangible (level 20, -60/177 HPs)
             Began as a Djinni Warper on May 20, 2023.
             Was the Champion of Makhleb.
             Annihilated by a destroyer
             ... wielding a +9 heavy great sword
              (237 damage)
             ... in the Dungeon (Sprint VIII: "Arena of Blood").
             The game lasted 00:02:57 (25 turns).

GloriousHammer the Intangible (Djinni Warper)         Turns: 25, Time: 00:02:57

Health: -60/177    AC:  5    Str: 10    XL:     20   Next: 27%
Gold:   0          EV: 31    Int: 17    God:    Makhleb [******] SH:  0 Dex: 20

rFire   + + .        i - +∞ Axe of Woe
rCold   x . .        (shield currently unavailable)
rNeg    . . .        b - +0 leather armour
rPois   ∞            (no helmet)
rElec   .            (no cloak)
rCorr   .            (no gloves)
SInv    .            (boots unavailable)
Will    ++...        (no amulet)
Stlth   +            (no ring)
HPRegen 0.49/turn    (no ring)
MPRegen 0.00/turn

%: no teleportation, infuse magic (-61 HP)
@: flying
A: sickness immunity, fire resistance 2, cold vulnerability 1, float, innate
caster, HP casting, extra vitality 1
a: Renounce Religion, Minor Destruction, Lesser Servant of Makhleb, Major
Destruction, Greater Servant of Makhleb


You were in the Dungeon.
You worshipped Makhleb.
Makhleb was exalted by your worship.
You visited 1 branch

Inventory:

Hand Weapons
 a - a +0 hand axe
 i - the +∞ Axe of Woe (weapon)
   (You found it in the Dungeon)
Missiles
 d - 7 boomerangs of dispersal (quivered)
Armour
 b - a +0 leather armour (worn)
Jewellery
 Y - a +30 ring of slaying
Scrolls
 c - 2 scrolls of blinking
Potions
 e - a potion of curing
 f - a potion of heal wounds
 g - a potion of haste
 h - a potion of berserk rage


   Skills:
 + Level 25.8 Fighting
 O Level 27 Axes
 - Level 14.2 Throwing
 - Level 16.5 Armour
 O Level 27 Dodging
 O Level 27 Spellcasting
 + Level 21.0 Invocations


You knew the following spells:

 Your Spells              Type           Power      Damage    Failure   Level
a - Manifold Assault      Tloc           86%        N/A       0%          4
b - Lesser Beckoning      Tloc           100%       N/A       0%          2
c - Vhi's Electric Charg  Tloc/Air       100%       N/A       0%          3
d - Teleport Other        Tloc           86%        N/A       0%          3
e - Blink                 Tloc           100%       N/A       0%          2
f - Magic Dart            Conj           100%       1d8       0%          1
g - Scorch                Fire           100%       2d9       0%          2
h - Volatile Blastmotes   Fire/Tloc      100%       2d18      0%          3
i - Gell's Gravitas       Tloc           86%        N/A       0%          3
j - Cause Fear            Hex            43%        N/A       0%          4
k - Agony                 Necr           86%        N/A       0%          5
l - Statue Form           Tmut/Erth      57%        N/A       0%          6
m - Monstrous Menagerie   Summ           43%        N/A       1%          7
n - Iron Shot             Conj/Erth      43%        9d8       0%          6
Your spell library was empty.

Dungeon Overview and Level Annotations

Branches:
Dungeon (1/1)

Altars:
Makhleb


Innate Abilities, Weirdness & Mutations

You are immune to sickness and miasma.
You are immune to poison.
Your flesh is very heat resistant. (rF++)
You are vulnerable to cold. (rC-)
You float through the air rather than walking.
You learn spells naturally, not from books.
Your magical power is your life essence.
You have superior vitality. (+4 MHP)


Message History

You feel agile. x2
The power to cast Statue Form wells up from within.
Spell assigned to 'l'.
Casting: Manifold Assault (safe; 1% risk of failure)
Confirm with . or Enter, or press ? or * to list all spells.
Space momentarily warps into an impossible shape!
You slice the bag of meat!!
You cleave the bag of meat in twain.
You kill the bag of meat!
Makhleb accepts your kill.
You slice the bag of meat!!
You dissect the bag of meat like a pig carcass.
You kill the bag of meat!
Makhleb accepts your kill.
You slash the meat berserker!
You cleave the meat berserker in twain.
You kill the meat berserker!
Makhleb accepts your kill.
You can now hurl Makhleb's greater destruction.
You hear a shout! x2
A bag of meat comes into view. It is wielding a +9 war axe.
A meat berserker comes into view. It is wielding a +9 battleaxe.
You hear a shout! x8
Your Axes skill gained 4 levels and is now at level 22!
Your Dodging skill gained 2 levels and is now at level 23!
Your Spellcasting skill gained 2 levels and is now at level 17!
You have reached level 16!
You feel clever.
A bag of meat comes into view. It is wielding a +9 war axe.
The bag of meat shouts!
You hear a shout! x10
Casting: Manifold Assault (safe; 1% risk of failure)
Confirm with . or Enter, or press ? or * to list all spells.
Space momentarily warps into an impossible shape!
You slice the bag of meat!!
You pulverise the bag of meat into a thin bloody mist.
You kill the bag of meat!
Makhleb accepts your kill.
You feel better.
You slash the bag of meat!
You butcher the bag of meat messily.
You kill the bag of meat!
Makhleb accepts your kill.
You slash the meat berserker!
You hew the meat berserker savagely.
You kill the meat berserker!
Makhleb accepts your kill.
You hear a shout!
A bag of meat comes into view. It is wielding a +9 war axe. x2
You hear a shout! x8
Your Axes skill gained 2 levels and is now at level 24!
Your Dodging skill gained 2 levels and is now at level 25!
Your Spellcasting skill gained 2 levels and is now at level 19!
You have reached level 17!
The power to cast Monstrous Menagerie wells up from within.
Spell assigned to 'm'.
Casting: Manifold Assault (safe; 1% risk of failure)
Confirm with . or Enter, or press ? or * to list all spells.
Space momentarily warps into an impossible shape!
The bag of meat shouts!
You hit the bag of meat. You chop the bag of meat into pieces.
You kill the bag of meat!
Makhleb accepts your kill.
You can now summon a greater servant of Makhleb.
You feel better.
You slice the bag of meat!!
You fatally mangle the bag of meat.
You kill the bag of meat!
Makhleb accepts your kill.
You hear a shout! x2
A meat berserker comes into view. It is wielding a +9 battleaxe.
You hear a shout! x4; You hear two shouts!
Your Axes skill gained 2 levels and is now at level 26!
Your Dodging skill increases to level 26!
You hear a shout! x9
A bag of meat comes into view. It is wielding a +9 war axe.
You hear a shout! x2
Casting: Manifold Assault (safe; 0% risk of failure)
Confirm with . or Enter, or press ? or * to list all spells.
Space momentarily warps into an impossible shape!
You hit the bag of meat.
You butcher the bag of meat messily.
You kill the bag of meat!
Makhleb accepts your kill.
You feel better.
The large bag of meat appears out of thin air!
A large bag of meat comes into view. It is wielding a +9 giant spiked club.
A meat berserker comes into view. It is wielding a +9 battleaxe.
You hear a shout! x3
You have mastered Dodging!
Your Spellcasting skill increases to level 20!
You have reached level 18!
Casting: Manifold Assault (safe; 0% risk of failure)
Confirm with . or Enter, or press ? or * to list all spells.
Space momentarily warps into an impossible shape!
You slash the meat berserker!
You chop the meat berserker into pieces.
You kill the meat berserker!
Makhleb accepts your kill.
You feel better.
You slash the meat berserker!
You hew the meat berserker savagely.
You kill the meat berserker!
Makhleb accepts your kill.
You hit the large bag of meat.
Flame seeps out of the large bag of meat.
You dissect the large bag of meat like a pig carcass.
Makhleb accepts your kill.
The large bag of meat explodes!
You hear a shout! x4
A bag of meat comes into view. It is wielding a +9 war axe.
You hear a shout! x3
You have mastered Axes!
Your Spellcasting skill gained 6 levels and is now at level 26!
You have reached level 19!
The power to cast Iron Shot wells up from within.
Spell assigned to 'n'.
Unknown command.
Casting: Manifold Assault (safe; 0% risk of failure)
Confirm with . or Enter, or press ? or * to list all spells.
Okay, then.
A meat berserker comes into view. It is wielding a +9 battleaxe.
The meat berserker shouts!
A meat berserker comes into view. It is wielding a +9 battleaxe.
You hear a shout! x3
A bag of meat comes into view. It is wielding a +9 war axe.
You hear a shout! x5
Adjust (i)tems, (s)pells, or (a)bilities?
Adjust which spell? e - Manifold Assault Adjust to which letter? a - Manifold Assault; e - Blink
Casting: Manifold Assault (safe; 0% risk of failure)
Confirm with . or Enter, or press ? or * to list all spells.
Okay, then.
Casting: Manifold Assault (safe; 0% risk of failure)
Confirm with . or Enter, or press ? or * to list all spells.
Space momentarily warps into an impossible shape!
You slash the meat berserker!
You chop the meat berserker into pieces.
You kill the meat berserker!
Makhleb accepts your kill.
You feel better.
You slice the meat berserker!!
You pulverise the meat berserker into a thin bloody mist.
You kill the meat berserker!
Makhleb accepts your kill.
You hit the bag of meat. You chop the bag of meat into pieces.
You kill the bag of meat!
Makhleb accepts your kill.
You hear a shout! x5
A bag of meat comes into view. It is wielding a +9 war axe.
A destroyer comes into view. It is wielding a +9 heavy great sword.
You hear a shout! x2
Your Fighting skill gained 6 levels and is now at level 22!
You have mastered Spellcasting!
Your Invocations skill gained 16 levels and is now at level 16!
Casting: Manifold Assault (safe; 0% risk of failure)
Confirm with . or Enter, or press ? or * to list all spells.
Space momentarily warps into an impossible shape!
You hit the bag of meat.
You slaughter the bag of meat joyfully.
You kill the bag of meat!
Makhleb accepts your kill.
You feel better.
You slash the destroyer!
You butcher the destroyer messily.
You destroy the destroyer!
Makhleb accepts your kill.
You hear a shout! x3
Your Fighting skill gained 3 levels and is now at level 25!
Your Invocations skill gained 5 levels and is now at level 21!
You have reached level 20!
You feel clever.
A bag of meat and a destroyer come into view.
The destroyer is wielding a +9 heavy great sword.
The destroyer shouts!
You hear a shout! x4
The destroyer casts a spell at you.
The destroyer blinks!
A large bag of meat comes into view. It is wielding a +9 giant spiked club.
You hear a shout! x2
A destroyer comes into view. It is wielding a +9 heavy great sword.
A bag of meat comes into view. It is wielding a +9 war axe. x2
Casting: Manifold Assault (safe; 0% risk of failure)
Confirm with . or Enter, or press ? or * to list all spells.
Space momentarily warps into an impossible shape!
The bag of meat shouts!
The large bag of meat shouts in stereo!
The bag of meat shouts!
You hit the large bag of meat.
Flame seeps out of the large bag of meat.
You dissect the large bag of meat like a pig carcass.
Makhleb accepts your kill.
You chop the bag of meat into pieces!!!
You fatally mangle the bag of meat.
You kill the bag of meat!
Makhleb accepts your kill.
You feel better.
You hit the bag of meat.
You pulverise the bag of meat into a thin bloody mist.
You kill the bag of meat!
Makhleb accepts your kill.
You carve the bag of meat like a ham!!!
You hew the bag of meat savagely.
You kill the bag of meat!
Makhleb accepts your kill.
The large bag of meat explodes!
The large bag of meat appears out of thin air!
A large bag of meat comes into view. It is wielding a +9 giant spiked club.
The large bag of meat shouts in stereo!
You hear a shout! x11
A meat berserker comes into view. It is wielding a +9 battleaxe.
You hear a shout!
The destroyer is engulfed in blazing flames.
The destroyer hits you with a +9 heavy great sword!!!!!
Ouch! That really hurt!
You die...

.....#. ....o..)..
........O......)....
#......§§ ...).)...
.#......○ #.......#
....#...§ #)......#
.#......###....)..###.
)).).........###....).
.....#......)._...)...
#...@...#)....#....
#.)..§§V...#_.<._# .
...#.§)§...#.....#
.....#§§......_.....
O..).)....)).###......
..))....###.... ..###.
))....... #.... ..#
...V..... #.... ..# ..
..


You could see 2 destroyers, a large bag of meat (inner flame) and a meat
berserker (berserk).

Vanquished Creatures
  A vampire knight (D)
  8 ogres (D)
  2 two-headed ogres (D)
  19 orcs (D)
30 creatures vanquished.

Notes
Turn   | Place    | Note
-------+----------+-------------------------------------------
     0 | D        | Found the +∞ Axe of Woe
     0 | D        | GloriousHammer the Djinni Warper began the quest for the
                  | Orb.
     0 | D        | GloriousHammer set off with the following spells memorised:
                  | Blink, Lesser Beckoning, Vhi's Electric Charge, Teleport
                  | Other, Manifold Assault.
     0 | D        | Reached XP level 1. HP: 18/18 MP: 0/0
     2 | D        | Noticed a bag of meat
     3 | D        | Became a worshipper of Makhleb the Destroyer
     5 | D        | Noticed a bag of meat
     7 | D        | Killed a bag of meat
     7 | D        | Noticed a meat berserker
     7 | D        | Noticed a bag of meat
     8 | D        | Reached skill level 10 in Armour
     8 | D        | Reached XP level 2. HP: 37/37 MP: 0/0
     8 | D        | Reached XP level 3. HP: 42/42 MP: 0/0
     8 | D        | Learned a level 1 spell: Magic Dart
     8 | D        | Reached XP level 4. HP: 49/49 MP: 0/0
     8 | D        | Reached XP level 5. HP: 53/53 MP: 0/0
     8 | D        | Learned a level 2 spell: Scorch
     8 | D        | Reached XP level 6. HP: 59/59 MP: 0/0
     8 | D        | Reached XP level 7. HP: 65/65 MP: 0/0
     8 | D        | Learned a level 3 spell: Volatile Blastmotes
     8 | D        | Reached XP level 8. HP: 71/71 MP: 0/0
     8 | D        | Reached XP level 9. HP: 76/76 MP: 0/0
     8 | D        | Learned a level 3 spell: Gell's Gravitas
     8 | D        | Reached XP level 10. HP: 82/82 MP: 0/0
     8 | D        | Reached XP level 11. HP: 87/87 MP: 0/0
     8 | D        | Learned a level 4 spell: Cause Fear
     8 | D        | Killed a meat berserker
     8 | D        | Reached * piety under Makhleb
     8 | D        | Killed a bag of meat
     8 | D        | Killed a bag of meat
     9 | D        | Reached skill level 15 in Fighting
     9 | D        | Reached skill level 15 in Armour
     9 | D        | Reached XP level 12. HP: 98/103 MP: 0/0
     9 | D        | Reached XP level 13. HP: 103/108 MP: 0/0
     9 | D        | Learned a level 5 spell: Agony
     9 | D        | Reached XP level 14. HP: 109/114 MP: 0/0
    10 | D        | Noticed a meat berserker
    10 | D        | Noticed a bag of meat
    11 | D        | Noticed a bag of meat
    11 | D        | Noticed a meat berserker
    11 | D        | Noticed a bag of meat
    12 | D        | Noticed a bag of meat
    12 | D        | Killed a bag of meat
    12 | D        | Reached ** piety under Makhleb
    12 | D        | Killed a bag of meat
    12 | D        | Noticed a bag of meat
    13 | D        | Killed a bag of meat
    13 | D        | Killed a meat berserker
    13 | D        | Reached *** piety under Makhleb
    13 | D        | Killed a bag of meat
    14 | D        | Reached skill level 15 in Spellcasting
    14 | D        | Reached XP level 15. HP: 122/122 MP: 0/0
    14 | D        | Learned a level 6 spell: Statue Form
    14 | D        | Killed a meat berserker
    14 | D        | Reached **** piety under Makhleb
    14 | D        | Noticed a meat berserker
    15 | D        | Reached XP level 16. HP: 125/129 MP: 0/0
    16 | D        | Killed a meat berserker
    17 | D        | Reached XP level 17. HP: 135/135 MP: 0/0
    17 | D        | Learned a level 7 spell: Monstrous Menagerie
    17 | D        | Reached ***** piety under Makhleb
    17 | D        | Noticed a meat berserker
    19 | D        | Noticed a meat berserker
    20 | D        | Reached skill level 27 in Dodging
    20 | D        | Reached XP level 18. HP: 141/141 MP: 0/0
    20 | D        | Noticed a large bag of meat
    20 | D        | Killed a meat berserker
    20 | D        | Killed a meat berserker
    20 | D        | Killed a large bag of meat
    21 | D        | Reached skill level 27 in Axes
    21 | D        | Reached XP level 19. HP: 147/147 MP: 0/0
    21 | D        | Learned a level 6 spell: Iron Shot
    21 | D        | Noticed a meat berserker
    21 | D        | Noticed a meat berserker
    22 | D        | Killed a meat berserker
    22 | D        | Killed a meat berserker
    22 | D        | Reached ****** piety under Makhleb
    22 | D        | Noticed a destroyer
    23 | D        | Reached skill level 27 in Spellcasting
    23 | D        | Killed a destroyer
    24 | D        | Reached XP level 20. HP: 177/177 MP: 0/0
    24 | D        | Noticed a destroyer
    24 | D        | Noticed a large bag of meat
    24 | D        | Noticed a destroyer
    25 | D        | Killed a large bag of meat
    25 | D        | Noticed a large bag of meat
    25 | D        | Noticed a meat berserker
    25 | D        | Annihilated by a destroyer

Illustrated notes

Levels and vault maps discovered:
D:        meatsprint

Skill      XL: |  1  2  3  4  5  6  7  8  9 10 11 12 13 14 15 16 17 18 19 |
---------------+----------------------------------------------------------+-----
Fighting       | 11 15 16 25 | 25.8
Axes           | 9 13 18 22 24 26 27 | 27.0
Throwing       | 9 13 14 | 14.2
Armour         | 10 15 16 | 16.5
Dodging        | 12 16 21 23 25 27 | 27.0
Spellcasting   | 8 12 15 17 19 20 26 27 | 27.0
Invocations    | 21 | 21.0

Action                     |  1- 3 |  4- 6 |  7- 9 | 10-12 | 13-15 | 16-18 | 19-21 || total
---------------------------+-------+-------+-------+-------+-------+-------+-------++-------
  Melee: Executioner's axe |     1 |       |       |     3 |     8 |     9 |     9 ||    30
   Cast: Manifold Assault  |       |       |       |     1 |     3 |     4 |     3 ||    11
